 Dungeon Crawl Stone Soup version 0.28.0-53-g5a82cb258f (webtiles) character file.

Game seed: 5842205742646096989

23 Sanktem7 the Skirmisher (level 2, -5/27 HPs)
             Began as a Minotaur Berserker on July 1, 2022.
             Was a Follower of Trog.
             Killed from afar by Natasha (6 damage)
             ... with a puff of flame
             ... on level 2 of the Dungeon.
             The game lasted 00:01:39 (1453 turns).

Sanktem7 the Skirmisher (Minotaur Berserker)        Turns: 1453, Time: 00:01:40

Health: -5/27      AC:  5    Str: 21    XL:     2   Next: 72%
Magic:  1/1        EV: 12    Int:  4    God:    Trog [*.....]
Gold:   48         SH:  0    Dex:  9    Spells: 1/1 levels left

rFire   . . .      SeeInvis .   a - +0 hand axe {axe}
rCold   . . .      Faith    .   (no shield)
rNeg    . . .      Spirit   .   b - +0 animal skin
rPois   .          Reflect  .   (helmet restricted)
rElec   .          Harm     .   k - +2 cloak
rCorr   .          Rampage  .   (no gloves)
Will    .....                   (no boots)
Stlth   +.........              (no amulet)
HPRegen 0.09/turn               (no ring)
MPRegen 0.07/turn               (no ring)

@: no status effects
A: horns 2, retaliatory headbutt
a: Renounce Religion, Berserk


You were on level 2 of the Dungeon.
You worshipped Trog.
Trog was aware of your devotion.
You visited 1 branch of the dungeon, and saw 2 of its levels.

You collected 48 gold pieces.


Innate Abilities, Weirdness & Mutations

You have a pair of horns on your head.
You reflexively headbutt those who attack you in melee.


   Skills:
 * Level 4.1 Fighting
 * Level 4.1 Axes
 + Level 2.7 Armour
 + Level 2.5 Dodging


You had one spell level left.
You didn't know any spells.
Your spell library contained the following spells:

 Spells                   Type           Power      Damage    Failure   Level
 Slow                     Hex            0%         N/A       50%         1
 Confusing Touch          Hex            0%         N/A       86%         3
 Vampiric Draining        Necr           0%         2d6       86%         3

Inventory:

Hand Weapons
 a - a +0 hand axe (weapon) {axe}
Missiles
 c - 8 poisoned darts (quivered) {throwing}
 d - 81 stones {throwing}
 e - 20 sling bullets
 j - 17 arrows
Armour
 b - a +0 animal skin (worn)
 k - a +2 cloak (worn)
   (You found it on level 2 of the Dungeon)
Jewellery
 m - an amulet of magic regeneration {@e2}
   (You found it on level 2 of the Dungeon)
Wands
 l - a wand of charming (13)
   (You found it on level 2 of the Dungeon)
Scrolls
 f - 2 scrolls of identify {unknown}
 g - a scroll of magic mapping {unknown}
 h - 2 scrolls of fear {unknown}
 n - a scroll of blinking {unknown}
Potions
 i - a potion of flight {unknown}

Dungeon Overview and Level Annotations

Branches:
Dungeon (2/15)

Altars:

Shops:
D:2 (

Annotations:
D:2 Natasha

#####.# #####.### .#
........# # ##+##.#
#.###.#.# #. #.....#
#..##.#.#.#.####(....###
#.........#....#........
#..##................#
.......###≈###.§.....+
#..#...#.#≈#.#.h@....###
.....###.#≈#.###......).
.........#≈#.....#....#.
.....###.#≈#.###........
.......#.#≈ #..........
#.#....###≈###......##.#
#.##...........#........
...#..#.......########.#
####..#......###....# #


You could see Natasha.


Message History

The ball python grabs you.
The ball python constricts you. 😕 HP[-1]
You take 1 damage, and now have 26/27 hp.
You closely miss the ball python. You headbutt the ball python.
The ball python bites you.
The ball python constricts you. 😕 HP[-2]
You take 2 damage, and now have 24/27 hp.
You barely miss the ball python.
The ball python bites you but does no damage.
The ball python constricts you. 😕 HP[-1]
You take 1 damage, and now have 23/27 hp.
You hit the ball python.
You kill the ball python!
Trog accepts your kill. 😕 HP[+1]
Found a stone staircase leading down.
You see here a ball python corpse.
You start resting. 😎 HP[+3]
Your hp is fully restored (27).
You start waiting.
Done waiting.
You now have 42 gold pieces (gained 5).
A hobgoblin comes into view.
A hobgoblin is nearby!
The hobgoblin shouts!
The hobgoblin barely misses you.
You slash the hobgoblin!
You kill the hobgoblin!
Trog accepts your kill.
No target in view!
No target in view!
No target in view!
No target in view!
No target in view!
d - 81 stones {throwing} (gained 26)
Found an escape hatch in the floor.
k - a +2 cloak You open the door.
There is an open door here.
There is an open door here.
You now have 48 gold pieces (gained 6).
l - a wand of charming (13)
You start putting on your armour.
You continue putting on your +2 cloak. x4
You finish putting on your +2 cloak.
As you open the door, it creaks loudly!
Found Wiep's Weapon Shoppe.
There is an open door here.
There is an entrance to Wiep's Weapon Shoppe here.
As you open the door, it creaks loudly!
An endoplasm comes into view.
The endoplasm quivers.
There is an open door here.
An endoplasm is nearby!
The endoplasm hits you but does no damage.
You hit the endoplasm.
You kill the endoplasm!
Trog accepts your kill.
No target in view!
No target in view!
No target in view!
No target in view!
No target in view!
m - an amulet of magic regeneration {@e2}
n - a scroll labelled COMAXZAMOOL Natasha, Servant of Life and Death comes into view.
She is carrying a wand of flame (28).
Natasha hisses angrily.
Natasha casts a spell.
Natasha stares at you and mumbles some strange words.
The magic dart hits you. 😕 HP[-5]
You take 5 damage, and now have 22/27 hp.
The shadow imp hits you. 😮 HP[-4]
You take 4 damage, and now have 18/27 hp.
You hit the shadow imp. The shadow imp hits you.
* * * LOW HITPOINT WARNING * * *
Natasha zaps a wand.
The puff of flame hits you!
* * * LOW HITPOINT WARNING * * *
😱 HP[-15]
You take 15 damage, and now have 3/27 hp.
MASSIVE DAMAGE!! (PAUSE)
You hit Natasha but do no damage. You barely miss the shadow imp.
The shadow imp closely misses you. You furiously retaliate!
You headbutt the shadow imp!
You kill the shadow imp!
The shadow imp disappears in a puff of smoke!
Natasha casts a spell at you. The magic dart hits you.
* * * LOW HITPOINT WARNING * * *
😱 HP[-2]
You take 2 damage, and now have 1/27 hp.
Unknown command.
You hit Natasha but do no damage. You headbutt Natasha.
Natasha zaps a wand.
The puff of flame hits you.
You die...

Skill      XL: |  1  2 |
---------------+-------+-----
Fighting       | 4 |  4.1
Axes           | 4 |  4.1
Armour         | |  2.7
Dodging        | |  2.5

Action                   || total
-------------------------++-------
Melee: Hand axe          ||    57
       Headbutt          ||     6
       Punch             ||     1
Armor: Animal skin       ||    11
Dodge: Dodged            ||    35

Levels and vault maps discovered:
D:1:      minmay_arrival_glassed_features, layout_loops_ring,
          ebering_ecumenical_altar_hall
D:2:      layout_basic, serial_shops, shop, grunt_decor_cap, uniq_natasha

Notes
Turn   | Place    | Note
-------+----------+-------------------------------------------
     0 | D:1      | Sanktem7 the Minotaur Berserker began the quest for the
                  | Orb.
     0 | D:1      | Reached XP level 1. HP: 19/19 MP: 0/0
     0 | D:1      | magus.rc [v1.9.6]
   211 | D:1      | Reached XP level 2. HP: 15/27 MP: 1/1
   572 | D:1      | Reached skill level 4 in Fighting
   573 | D:1      | You pick up a book of Debilitation {forbidden} and begin
                  | reading...
   573 | D:1      | You add the spells Slow, Vampiric Draining and Confusing
                  | Touch to your library.
   653 | D:1      | Reached skill level 4 in Axes
   935 | D:1      | Found a faded altar of an unknown god.
  1413 | D:2      | Found Wiep's Weapon Shoppe.
  1448 | D:2      | Noticed Natasha
  1451 | D:2      | HP: 3/27 [Natasha/puff of flame (10)]
  1452 | D:2      | HP: 1/27 [Natasha/magic dart (3)]
  1453 | D:2      | Killed from afar by Natasha

Vanquished Creatures
  3 ball pythons
  2 endoplasms (D:2)
  2 goblins (D:1)
  3 hobgoblins
  4 kobolds (D:1)
  A quokka (D:1)
  2 bats (D:1)
  2 frilled lizards (D:1)
  A rat (D:1)
20 creatures vanquished.

Table legend:
 A = Non-vault XP
 B = Vault XP
 C = Vault XP percentage of total XP
 D = Non-vault monster count
 E = Vault monster count
 F = Vault count percentage of total count
                 A         B        C        D         E       F
            +---------+---------+-------+---------+---------+-------
      Total |      33 |       0 |   0.0 |      20 |       0 |   0.0
            +---------+---------+-------+---------+---------+-------
        D:1 |      25 |       0 |   0.0 |      16 |       0 |   0.0
        D:2 |       8 |       0 |   0.0 |       4 |       0 |   0.0
            +---------+---------+-------+---------+---------+-------

Illustrated notes

Table legend:
 A = Kills in this place as a percentage of kills in entire the game.
 B = Kills by you in this place as a percentage of kills by you in the entire game.
 C = Kills by friends in this place as a percentage of kills by friends in the entire game.
 D = Other kills in this place as a percentage of other kills in the entire game.
 E = Experience gained in this place as a percentage of experience gained in the entire game.
 F = Experience gained in this place divided by the number of levels of this place that you have seen.
                   A       B       C       D       E      F
               +-------+-------+-------+-------+-------+----------------------
         Total | 100.0 | 100.0 |   N/A |   N/A | 100.0 |  16.5
       Dungeon | 100.0 | 100.0 |   N/A |   N/A | 100.0 |  16.5
               +-------+-------+-------+-------+-------+----------------------

Table legend: (Time is in decaauts)
 A = Elapsed time spent in this place.
 B = Non-inter-level travel time spent in this place.
 C = Inter-level travel time spent in this place.
 D = Time resting spent in this place.
 E = Time spent auto-exploring this place.
 F = Levels seen in this place.
 G = Mean time per level.
                   A        B        C        D        E       F      G
               +--------+--------+--------+--------+--------+-----+--------+
         Total |   1458 |   1417 |     41 |    296 |    958 |   2 |  729.0 |
       Dungeon |   1458 |   1417 |     41 |    296 |    958 |   2 |  729.0 |
               +--------+--------+--------+--------+--------+-----+--------+

Top non-repeatable levels by time:
     D:1: 993 daAuts
     D:2: 465 daAuts
